 Dungeon Crawl Stone Soup version 0.32-a0-909-gc671339a80 (webtiles) character file.

Game seed: 16107637328163499620

5200 Lanoc the Carver (level 10, -11/121 HPs)
             Began as a Coglin Berserker on Apr 6, 2024.
             Was an Elder of Trog.
             Mangled by a wyvern (13 damage)
             ... on level 8 of the Dungeon.
             The game lasted 00:10:28 (7727 turns).

Lanoc the Carver (Coglin Berserker)                 Turns: 7727, Time: 00:10:29

Health: -11/121    AC:  4    Str: 17    XL:     10   Next: 60%
Magic:  10/10      EV: 15    Int:  7    God:    Trog [****..]
Gold:   508        SH:  0    Dex: 18    Spells: 9/9 levels left

rFire   . . .        y - +4 falchion {Hisao}
rCold   . . .        D - +3 dagger (venom) {Marisol}
rNeg    . . .        b - +0 animal skin
rPois   .            (no helmet)
rElec   .            (no cloak)
rCorr   .            e - +1 pair of gloves
SInv    .            (no boots)
Will    .....        (amulet unavailable) Stlth
                     (ring unavailable)
HPRegen 0.40/turn    (ring unavailable)
MPRegen 0.12/turn    (no gizmo)

%: no passive effects
@: berserking, lethally poisoned (-11 -> -26), weakened, revving, very quick
A: off-hand wielding, slow wielding, warmup strikes, no jewellery
a: Invent Gizmo, Renounce Religion, Berserk, Trog's Hand, Brothers in Arms


You were on level 8 of the Dungeon.
You worshipped Trog.
Trog was greatly pleased with you.
You visited 1 branch of the dungeon, and saw 8 of its levels.

You collected 508 gold pieces.

Inventory:

Hand Weapons
 y - a +4 falchion (weapon) {Hisao}
 D - a +3 dagger of venom (offhand) {Marisol}
Missiles
 C - 5 datura-tipped darts (quivered)
 E - a curare-tipped dart
Armour
 b - a +0 animal skin (worn)
 e - a +1 pair of gloves (worn)
Wands
 r - a wand of polymorph (14)
 s - a wand of paralysis (7)
 A - a wand of roots (13)
Scrolls
 d - 5 scrolls of identify {unknown}
 h - 2 scrolls of blinking {unknown}
 j - a scroll of noise {unknown}
 k - a scroll of fog {unknown}
 l - a scroll of revelation {unknown}
 m - 3 scrolls of immolation {unknown}
 p - a scroll of brand weapon {unknown}
 t - 2 scrolls of vulnerability {unknown}
 u - a scroll of fear {unknown}
 v - 3 scrolls of silence {unknown}
 w - a scroll of poison {unknown}
 x - a scroll of teleportation {unknown}
Potions
 a - a potion of ambrosia {unknown}
 c - a potion of lignification {unknown}
 f - 3 potions of might {unknown}
 g - a potion of brilliance {unknown}
 i - 3 potions of curing {unknown}
 n - a potion of berserk rage {unknown}
 o - a potion of invisibility {unknown}
 q - a potion of magic {unknown}
 z - 2 potions of resistance {unknown}
 B - a potion of attraction {unknown}
Miscellaneous
 F - a phial of floods
 G - a phantom mirror


   Skills:
 + Level 8.3 Fighting
 * Level 11.4 Long Blades
 - Level 1.7 Armour
 + Level 7.2 Dodging


You had 9 spell levels left.
You didn't know any spells.
Your spell library was empty.

Dungeon Overview and Level Annotations

Branches:
Dungeon (8/15)             Temple (0/1) D:4
   Lair: D:8-11

Altars:
Ashenzari
Gozag
Hepliaklqana
Uskayaw
Yredelemnul

Shops:
D:6 =

Annotations:
D:8 Amaemon


Innate Abilities, Weirdness & Mutations

You can wield a second weapon in your off-hand.
It takes a long time for you to wield or remove held weapons.
Your first few attacks do less damage.
You cannot equip rings or amulets.


Message History

You are poisoned.
Amaemon claws you. Amaemon tail-slaps you.
You are more poisoned.
Amaemon poisons you!
A red film seems to cover your vision as you go berserk!
You feel yourself moving faster!
You feel mighty!
You feel extremely sick.
The centaur shoots an arrow.
The arrow barely misses you. The wyvern bites you!
The orange demon barely misses you. The orange demon hits you.
You feel your attacks grow feeble. Amaemon barely misses you.
Amaemon completely misses you. Amaemon misses you.
The centaur shoots an arrow.
The arrow hits you!!
You hit Amaemon with your +3 dagger of venom.
Amaemon is lightly wounded.
You barely miss Amaemon with your +4 falchion.
You feel sick. The wyvern bites you!
* * * LOW HITPOINT WARNING * * *
You hit Amaemon with your +3 dagger of venom.
Amaemon is poisoned.
Amaemon is lightly wounded.
You slash Amaemon with your +4 falchion!
You feel sick.
The centaur shoots an arrow.
The arrow hits you!
* * * LOW HITPOINT WARNING * * *
The wyvern misses you.
You slash Amaemon with your +4 falchion!
Amaemon is moderately wounded.
You hit Amaemon with your +3 dagger of venom.
Amaemon looks as sick as possible!
* * * LOW HITPOINT WARNING * * *
You feel sick. The orange demon closely misses you.
The orange demon barely misses you. Amaemon barely misses you.
Amaemon misses you. Amaemon tail-slaps you.
* * * LOW HITPOINT WARNING * * *
You slash Amaemon with your +4 falchion!
Amaemon is heavily wounded.
You closely miss Amaemon with your +3 dagger of venom.
* * * LOW HITPOINT WARNING * * *
You feel sick.
The centaur shoots an arrow.
The arrow barely misses you. The wyvern bites you!
You die...

.......#.....#.
... ...........
.............#.
....[...........
#.#...#.....#.##
................
......#46...#.#
......#k@.....#
............#.#
......c...#.#
.#....##..#.#
#..........#
..........#.#
....#.##.##...
#.#.## #.# #...
... #.# #.. ###


You could see Amaemon (extremely poisoned), an orange demon, a wyvern and a
centaur.

Vanquished Creatures
  A boulder beetle (D:8)
  Grinder (D:3)
  A vampire (D:6)
  Sigmund (D:3)
  Eustachio (D:5)
  A water moccasin (D:7)
  2 acid dragons
  Duvessa (D:7)
  2 black bears
  2 ice beasts (D:7)
  A laughing skull (D:8)
  3 sky beasts
  4 ogres
  3 centaurs
  2 phantoms (D:5)
  4 kobold brigands
  4 bullfrogs
  2 gnoll sergeants
  3 scorpions (D:4)
  Dowan (D:7)
  6 wights
  A killer bee (D:5)
  3 jellies
  Crazy Yiuf (D:3)
  3 hounds
  2 bombardier beetles (D:5)
  An orc priest (D:6)
  A gnoll bouda (D:8)
  6 iguanas
  An orc wizard (D:6)
  Robin (D:2)
  9 gnolls
  9 adders
  2 shadow imps
  A white imp (D:6)
  7 ufetubi
  2 ribbon worms (D:2)
  3 dart slugs
  21 orcs
  5 endoplasms
  3 giant cockroaches
  10 hobgoblins
  3 jackals (D:3)
  2 quokkas
  2 ball pythons (D:1)
  2 bats (D:3)
  5 frilled lizards
  11 goblins
  21 kobolds
  5 rats
189 creatures vanquished.

Notes
Turn   | Place    | Note
-------+----------+-------------------------------------------
     0 | D:1      | Lanoc the Coglin Berserker began the quest for the Orb.
     0 | D:1      | Reached XP level 1. HP: 18/18 MP: 1/1
   138 | D:1      | Reached XP level 2. HP: 24/24 MP: 2/2
   338 | D:1      | Reached XP level 3. HP: 29/29 MP: 3/3
   629 | D:2      | Reached ** piety under Trog
   720 | D:2      | Found a faded altar of an unknown god.
   851 | D:2      | Noticed Robin
   868 | D:2      | Killed Robin
   869 | D:2      | Reached skill level 4 in Long Blades
   869 | D:2      | Reached XP level 4. HP: 33/35 MP: 4/4
  1310 | D:3      | Noticed Sigmund
  1317 | D:3      | Killed Sigmund
  1318 | D:3      | Reached skill level 5 in Long Blades
  1318 | D:3      | Reached XP level 5. HP: 42/42 MP: 5/5
  1318 | D:3      | Reached XP level 6. HP: 48/48 MP: 6/6
  1341 | D:3      | Found a runed translucent door.
  1342 | D:3      | Noticed Crazy Yiuf
  1361 | D:3      | Killed Crazy Yiuf
  1473 | D:3      | Noticed Grinder
  1480 | D:3      | Paralysed by Grinder for 2 turns
  1486 | D:3      | Killed Grinder
  1487 | D:3      | Reached XP level 7. HP: 55/55 MP: 7/7
  2018 | D:3      | Found a hazy altar of Hepliaklqana.
  2315 | D:4      | Reached skill level 6 in Long Blades
  2316 | D:4      | Found a broken altar of Ashenzari.
  2652 | D:4      | Found a staircase to the Ecumenical Temple.
  3579 | D:5      | Entered Level 5 of the Dungeon
  3588 | D:5      | Reached skill level 5 in Fighting
  3689 | D:5      | Reached XP level 8. HP: 57/62 MP: 8/8
  3859 | D:5      | Reached skill level 7 in Long Blades
  3998 | D:5      | Noticed Eustachio
  4008 | D:5      | Killed Eustachio
  4201 | D:5      | Reached *** piety under Trog
  4218 | D:5      | Reached skill level 8 in Long Blades
  4362 | D:5      | Reached skill level 5 in Dodging
  4442 | D:5      | Reached XP level 9. HP: 53/69 MP: 9/9
  4753 | D:6      | Reached skill level 9 in Long Blades
  4853 | D:6      | Found Fodweeptyo's One-of-a-Kind Rings.
  5148 | D:6      | Found a basalt altar of Yredelemnul.
  5860 | D:7      | Reached **** piety under Trog
  6046 | D:7      | Reached skill level 10 in Long Blades
  6313 | D:7      | Noticed Dowan
  6316 | D:7      | Noticed Duvessa
  6320 | D:7      | Killed Dowan
  6324 | D:7      | Killed Duvessa
  6328 | D:7      | Reached XP level 10. HP: 78/79 MP: 10/10
  6402 | D:7      | Found a hide-covered altar of Uskayaw.
  6749 | D:7      | Found an opulent altar of Gozag.
  7115 | D:8      | Reached skill level 11 in Long Blades
  7567 | D:8      | Noticed a boulder beetle
  7579 | D:8      | Killed a boulder beetle
  7583 | D:8      | Identified the amulet of Nyorept {Spirit Dex+4}
  7715 | D:8      | Noticed Amaemon
  7718 | D:8      | Noticed an orange demon
  7726 | D:8      | HP: 4/121 [Amaemon/-1 demon whip of venom (3)]
  7727 | D:8      | Mangled by a wyvern

Illustrated notes

Levels and vault maps discovered:
D:1:      orjb1_lava_funnel, layout_loops_ring
D:2:      layout_rooms, shapermc_ecumenical_altar_gd, uniq_robin
D:3:      layout_basic, mainiacjoe_overflow_brackets, supply_closet_lemuel,
          uniq_crazy_yiuf_cottage, uniq_grinder, uniq_sigmund
D:4:      layout_layer_cave, ashenzari_altar_1, minmay_temple_entry_tees,
          hangedman_decor_points
D:5:      kennysheep_windowed_halls, layout_rooms, uniq_eustachio
D:6:      layout_loops_cross, lemuel_tele_altar, kennysheep_small_spiral,
          grunt_decor_mini_mirrors, nicolae_shop_unique_rings, kennysheep_potato
D:7:      layout_rooms, grunt_gozag_breadcrumbs, mainiacjoe_overflow_alcove_4,
          uniq_duvessa
D:8:      layout_basic, lemuel_round_altar, minmay_the_grid_2x2
          [minmay_the_grid_tree, minmay_the_grid_outer_circle,
          minmay_the_grid_x, minmay_the_grid_prize_diamond_cup], uniq_amaemon

Skill      XL: |  1  2  3  4  5  6  7  8  9 10 |
---------------+-------------------------------+-----
Dodging        | 2 3 4 5 6 7 |  7.2
Long Blades    | 4 5 6 8 10 11 | 11.4
Fighting       | 4 5 6 7 8 |  8.3
Armour         | |  1.7

Action                     |  1- 3 |  4- 6 |  7- 9 | 10-12 || total
---------------------------+-------+-------+-------+-------++-------
  Melee: Dagger            |    68 |    28 |    52 |   106 ||   254
         Falchion          |    69 |    27 |   530 |   107 ||   733
 Invoke: Berserk           |     1 |     3 |     6 |     6 ||    16
   Stab: Sleeping          |       |     1 |     1 |     1 ||     3
 Armour: Animal skin       |    41 |    32 |   176 |    71 ||   320
  Dodge: Dodged            |    46 |    26 |   216 |    82 ||   370

Table legend: (Time is in decaauts)
 A = Elapsed time spent in this place.
 B = Non-inter-level travel time spent in this place.
 C = Inter-level travel time spent in this place.
 D = Time resting spent in this place.
 E = Time spent auto-exploring this place.
 F = Levels seen in this place.
 G = Mean time per level.
                   A        B        C        D        E       F      G
               +--------+--------+--------+--------+--------+-----+--------+
         Total |   7809 |   7618 |    191 |     72 |   6318 |   8 |  976.1 |
       Dungeon |   7809 |   7618 |    191 |     72 |   6318 |   8 |  976.1 |
               +--------+--------+--------+--------+--------+-----+--------+

Top non-repeatable levels by time:
     D:4: 1312 daAuts
     D:6: 1191 daAuts
     D:7: 1102 daAuts
     D:5: 1086 daAuts
     D:3: 999 daAuts
     D:8: 807 daAuts
     D:2: 690 daAuts
     D:1: 619 daAuts
